AoeStats
← vagos.fran

African Clearing

510623631Analyzed
3v3 RM · 2d ago on Oct 1, 2026· 27m 5s· 6 players
Game mode
Random Map
Map size
Normal (6 player)
Population
200
Speed
Normal
Resources
Standard
Victory
Conquest
Starting age
Dark Age
Ending age
Imperial Age
RankedLock teamsTeams togetherTeam positionsShared explorationLock speedFull tech treeHidden civsTurbo modeCheats
Victory
Defeat
🇪🇸 Goths · Spain
1400
+9
🇪🇸 Cumans · Spain
1260
+14
🇪🇸 Mongols · Spain
1206
+16
🇧🇷 Celts · Brazil
1266
-15
🇧🇷 Vietnamese · Brazil
1206
-12
🇧🇷 Magyars · Brazil
1205
-12
[KMNB] RAGNAR
7:25 Loom
13:38 Feudal Age
14:25 Man-at-Arms
16:07 Forging
15:58 Scale Mail Armor
16:21 Arson
25:19 Castle Age
Soldado Raso
6:15 Loom
13:34 Feudal Age
14:23 Double-Bit Axe
17:08 Padded Archer Armor
17:01 Fletching
17:51 Padded Archer Armor
27:47 Castle Age
Nbzinho
4:31 Loom
16:17 Feudal Age
16:24 Man-at-Arms
17:52 Wheelbarrow
pauito79_ator
3:33 Loom
13:47 Feudal Age
14:58 Double-Bit Axe
18:52 Castle Age
17:52 Scale Mail Armor
19:21 Forging
20:47 Chain Mail Armor
25:05 Squires
25:52 Town Watch
28:12 Wheelbarrow
a.arias.age
5:45 Loom
11:26 Feudal Age
16:29 Forging
18:38 Scale Barding Armor
19:31 Bloodlines
vagos.fran
9:31 Loom
12:19 Feudal Age
12:54 Double-Bit Axe
20:26 Bloodlines
22:54 Town Watch
25:44 Castle Age
Connection lost

Rejoining the realm…

Still unreachable

The connection could not be restored.

Session expired

The server has moved on; the page needs a fresh start.